 Dungeon Crawl Stone Soup version 0.29-a0-823-gc37b1572da (webtiles) character file.

Game seed: 17830624944734366309

836 snetch the Cudgeller (level 7, 0/63 HPs)
             Began as a Minotaur Berserker on July 8, 2022.
             Was an Elder of Trog.
             Killed from afar by Dowan (3 damage)
             ... with a puff of flame
             ... on level 4 of the Dungeon.
             The game lasted 00:13:18 (3919 turns).

snetch the Cudgeller (Minotaur Berserker)           Turns: 3919, Time: 00:13:19

Health: 0/63       AC:  8    Str: 23    XL:     7   Next: 66%
Magic:  1/6        EV: 18    Int:  4    God:    Trog [****..]
Gold:   106        SH:  0    Dex: 10    Spells: 6/6 levels left

rFire   + + .      SeeInvis .   (weapon currently unavailable)
rCold   + + .      Faith    .   (shield currently unavailable)
rNeg    + + +      Spirit   .   (body armour currently unavailable)
rPois   ∞          Reflect  .   (helmet currently unavailable)
rElec   +          Harm     .   (cloak currently unavailable)
rCorr   +          Rampage  .   (gloves currently unavailable)
Will    ++...                   (boots currently unavailable)
Stlth   +.........              (amulet currently unavailable)
HPRegen 1.20/turn               (ring currently unavailable)
MPRegen 0.10/turn               (ring currently unavailable)

@: wisp-form, strong-willed, on berserk cooldown, flying, regenerating, slowed,
studying Long Blades, very slow
A: insubstantial, flying, no casting, tiny, (horns 2), (retaliatory headbutt)
a: Renounce Religion, Berserk, Trog's Hand, Brothers in Arms


You were on level 4 of the Dungeon.
You worshipped Trog.
Trog was greatly pleased with you.
You were an insubstantial wisp.
You visited 1 branch of the dungeon, and saw 5 of its levels.
You also visited: Sewer.

You collected 223 gold pieces.
You spent 117 gold pieces at shops.

Inventory:

Hand Weapons
 a - the +2 hammer of Kooqodop (melded) {flame, MP+9 Dex+2}
   (You found it on level 3 of the Dungeon)

   It burns those it strikes, dealing additional fire damage.
   Dex:       It affects your dexterity (+2).
   MP:        It affects your magic capacity (+9).
 b - a +0 hand axe
 c - a +2 flail of protection
Missiles
 d - 2 boomerangs
 i - 26 stones (quivered)
Armour
 s - a +2 hat (melded)
 D - a +0 cloak (melded)
 H - the +1 plate armour of Masochism (melded) {rC+ rN+ Int+3 Stlth-}
   (You found it on level 4 of the Dungeon)

   Int:       It affects your intelligence (+3).
   rC:        It protects you from cold.
   rN:        It protects you from negative energy.
   Stlth:     It makes you less stealthy.
Wands
 r - a wand of flame (20)
Scrolls
 f - a scroll of immolation {unknown}
 k - 2 scrolls of enchant armour {unknown}
 m - 2 scrolls of fog {unknown}
 n - a scroll of enchant weapon {unknown}
 u - 2 scrolls of teleportation {unknown}
 x - a scroll of blinking {unknown}
 y - 7 scrolls of identify {unknown}
 A - a scroll of vulnerability {unknown}
Potions
 e - a potion of curing {unknown}
 g - 3 potions of lignification
 h - a potion of invisibility {unknown}
 l - 3 potions of might {unknown}
 o - a potion of cancellation {unknown}
 q - a potion of brilliance {unknown}
 t - a potion of berserk rage {unknown}
 v - a potion of heal wounds
 w - a potion of ambrosia {unknown}
 z - a potion of attraction {unknown}


   Skills:
 + Level 6.1 Fighting
 + Level 4.5(6.2) Axes
 + Level 6.6(7.3) Maces & Flails
 + Level 5.6 Armour
 + Level 2.5 Dodging
 - Level 0.1 Stealth


You had 6 spell levels left.
You didn't know any spells.
Your spell library contained the following spells:

 Spells                   Type           Power      Damage    Failure   Level
 Conjure Ball Lightning   Conj/Air       0%         3x3d6     100%        6
 Discord                  Hex            0%         N/A       100%        8
 Disjunction              Tloc           0%         N/A       100%        8


Dungeon Overview and Level Annotations

Branches:
Dungeon (5/15)              Sewer (visited)
 Temple: D:4-7

Altars:

Shops:
D:2 !

Annotations:
D:4 Dowan, Duvessa


Innate Abilities, Weirdness & Mutations

You are an insubstantial wisp.
Your tiny insubstantial body is highly resistant to most damage types.
You are flying.
Your equipment is entirely melded.
You are incapable of wielding weapons or throwing items.
You cannot cast spells.
((You have a pair of horns on your head.))
((You reflexively headbutt those who attack you in melee.))


Message History

A red film seems to cover your vision as you go berserk!
You feel yourself moving faster!
You feel mighty!
Duvessa zaps a wand.
You turn into an insubstantial wisp.
The +2 hammer of Kooqodop {flame, MP+9 Dex+2} melds into your body.
Your +0 cloak melds into your body.
Your +2 hat melds into your body.
The +1 plate armour of Masochism {rC+ rN+ Int+3 Stlth-} melds into your body.
You feel your magic capacity decrease.
The +2 hammer of Kooqodop {flame, MP+9 Dex+2} stops flaming.
Dowan gestures at you while chanting. You resist with some effort.
You completely miss Dowan.
Dowan hits you with a +4 dagger of venom!
Duvessa hits you with a +0 rapier!
Unknown command.
You barely miss Dowan. Dowan hits you but does no damage.
Duvessa hits you with a +0 rapier.
Unknown command.
You feel a strong urge to attack something.
You feel your anger nearly subside.
You are no longer berserk.
You are exhausted.
You feel yourself slow down. Duvessa attacks as you move away!
Duvessa hits you with a +0 rapier. Dowan attacks as you move away!
Dowan hits you but does no damage.
Duvessa says, "Where magic fails, the sword succeeds!"
Dowan hits you with a +4 dagger of venom!
* * * LOW HITPOINT WARNING * * *
Duvessa barely misses you. Dowan misses you. Dowan closely misses you.
Duvessa hits you with a +0 rapier!
* * * LOW HITPOINT WARNING * * *
Dowan attacks as you move away! Dowan barely misses you.
Duvessa hits you with a +0 rapier.
* * * LOW HITPOINT WARNING * * *
Dowan completely misses you. Duvessa hits you with a +0 rapier.
* * * LOW HITPOINT WARNING * * *
Your skin crawls.
You feel strong-willed.
Dowan says, "Stay away from my face!"
Dowan casts a spell at you. The puff of flame hits you. You resist.
You die...

#......# #.... #......# #....
#......##############+## #
##......#....##...#..... #
#......#.........#..... #
#......#.........#..... #
#......#......†..#..... #
#....e.#.........+..... #
#....ev'.........#..... #
#......#.........#.....
###########......#..####.###.....
............######..####.#######.
............#.......#.....#....#.
............#.......#.....#....'.
............#.......#.....#....#.
............#.......#.....#....#.
##...)......+.......#.....#....#.


You could see Duvessa (fast) and Dowan (fast).

Vanquished Creatures
  Eustachio (D:4)
  2 bullfrogs (Sewer)
  A necrophage (D:4)
  A hound (D:5)
  Crazy Yiuf (D:3)
  An orc priest (D:4)
  An iguana (D:4)
  Terence (D:3)
  Ijyb (D:3)
  Natasha (thrice) (D:2)
  6 gnolls
  8 adders
  2 worms
  2 dart slugs (D:1)
  6 orcs
  16 endoplasms
  14 giant cockroaches
  10 goblins
  6 hobgoblins
  12 quokkas
  13 ball pythons
  5 bats
  8 frilled lizards
  6 kobolds
  6 rats
133 creatures vanquished.

Vanquished Creatures (others)
  5 fungi (D:1)
5 creatures vanquished.

Grand Total: 138 creatures vanquished

Notes
Turn   | Place    | Note
-------+----------+-------------------------------------------
     0 | D:1      | snetch the Minotaur Berserker began the quest for the Orb.
     0 | D:1      | Reached XP level 1. HP: 19/19 MP: 0/0
   195 | D:1      | Found a faded altar of an unknown god.
   358 | D:1      | Reached XP level 2. HP: 27/27 MP: 1/1
   779 | D:1      | Reached XP level 3. HP: 29/33 MP: 2/2
  1132 | D:3      | Found a glowing drain.
  1144 | D:3      | Reached ** piety under Trog
  1150 | Sewer    | Entered a sewer
  1227 | Sewer    | Reached XP level 4. HP: 39/41 MP: 3/3
  1253 | Sewer    | Reached skill level 1 in Maces & Flails
  1585 | Sewer    | Reached *** piety under Trog
  1588 | Sewer    | Noticed a bullfrog
  1589 | Sewer    | Noticed a bullfrog
  1596 | Sewer    | Killed a bullfrog
  1597 | Sewer    | Reached skill level 5 in Fighting
  1597 | Sewer    | Reached XP level 5. HP: 26/48 MP: 4/4
  1892 | D:2      | You fall into a shaft and drop 1 floor!
  1900 | D:3      | Reached XP level 6. HP: 56/56 MP: 5/5
  1900 | D:3      | Noticed Ijyb
  1914 | D:3      | Killed Ijyb
  2204 | D:2      | Found Fuskett's Distillery.
  2208 | D:2      | Bought a potion of heal wounds for 65 gold pieces
  2208 | D:2      | Bought a potion of degeneration for 13 gold pieces
  2208 | D:2      | Bought a potion of lignification for 39 gold pieces
  2234 | D:2      | Noticed Natasha
  2239 | D:2      | Killed Natasha
  2290 | D:2      | Noticed Natasha
  2298 | D:2      | Killed Natasha
  2404 | D:2      | Noticed Natasha
  2408 | D:2      | Killed Natasha
  2507 | D:4      | Reached skill level 5 in Maces & Flails
  2762 | D:3      | Reached **** piety under Trog
  3053 | D:3      | Noticed Terence
  3058 | D:3      | Killed Terence
  3174 | D:3      | Found a runed translucent door.
  3175 | D:3      | Noticed Crazy Yiuf
  3176 | D:3      | Identified the +2 hammer of Kooqodop {flame, MP+9 Dex+2}
  3182 | D:3      | Killed Crazy Yiuf
  3339 | D:4      | Reached XP level 7. HP: 58/62 MP: 6/6
  3411 | D:5      | Entered Level 5 of the Dungeon
  3583 | D:4      | Identified the +1 plate armour of Masochism {rC+ rN+ Int+3
                  | Stlth-}
  3674 | D:4      | Reached skill level 5 in Armour
  3704 | D:5      | Noticed Eustachio
  3715 | D:5      | Noticed Duvessa
  3735 | D:4      | Killed Eustachio
  3880 | D:5      | Noticed Dowan
  3918 | D:4      | HP: 1/63 [Duvessa/+0 rapier (5)]
  3919 | D:4      | Killed from afar by Dowan

Illustrated notes

Levels and vault maps discovered:
D:1:      amcnicky_arrival_double_pillar, layout_loops_cross,
          shapermc_ecumenical_altar_gd
D:2:      layout_basic, serial_shops, shop, minmay_misc_feat_plants,
          uniq_natasha
D:3:      layout_basic, gup_sewer_entry_pipe, guppyfry_early_orc_mine,
          uniq_ijyb, uniq_crazy_yiuf_cottage, uniq_terence
D:4:      layout_gridville, lemuel_tele_altar
D:5:      layout_basic, serial_shops, kennysheep_mini_moat,
          minmay_misc_feat_rows, uniq_eustachio, uniq_menkaure, uniq_pikel,
          uniq_duvessa

Skill      XL: |  1  2  3  4  5  6  7 |
---------------+----------------------+-----
Axes           | 4 |  4.5
Fighting       | 4 5 6 |  6.1
Armour         | 3 4 5 |  5.6
Maces & Flails | 2 3 5 6 |  6.6
Dodging        | |  2.5
Stealth        | |  0.1

Action                   |  1- 3 |  4- 6 |  7- 9 || total
-------------------------+-------+-------+-------++-------
Melee: Hand axe          |    21 |       |       ||    21
       Headbutt          |    11 |    22 |    10 ||    43
       Punch             |     1 |     1 |       ||     2
       Mace              |    55 |   152 |    44 ||   251
       Unarmed           |       |       |     2 ||     2
Throw: Stone             |       |       |     4 ||     4
Invok: Berserk           |       |     1 |     2 ||     3
       Trog's Hand       |       |       |     1 ||     1
Evoke: Wand              |       |       |     1 ||     1
Armor: Plate armour      |    42 |   102 |    67 ||   211
       Leather armour    |     5 |       |       ||     5
       Skin              |       |       |     4 ||     4
Dodge: Dodged            |    15 |    64 |    49 ||   128

Table legend: (Time is in decaauts)
 A = Elapsed time spent in this place.
 B = Non-inter-level travel time spent in this place.
 C = Inter-level travel time spent in this place.
 D = Time resting spent in this place.
 E = Time spent auto-exploring this place.
 F = Levels seen in this place.
 G = Mean time per level.
                   A        B        C        D        E       F      G
               +--------+--------+--------+--------+--------+-----+--------+
         Total |   4060 |   3857 |    203 |    131 |   2135 |   6 |  676.7 |
       Dungeon |   3331 |   3128 |    203 |    131 |   1686 |   5 |  666.2 |
         Sewer |    728 |    728 |      0 |      0 |    449 |   1 |  728.0 |
               +--------+--------+--------+--------+--------+-----+--------+

Top non-repeatable levels by time:
     D:3: 1282 daAuts
     D:1: 817 daAuts
   Sewer: 728 daAuts
     D:2: 621 daAuts
     D:4: 569 daAuts
     D:5: 41 daAuts
